[Event "German-ch Blitz Women 2022"]
[Site "Magdeburg"]
[Date "2022.08.13"]
[Round "16.9"]
[White "Falke, Ornella"]
[Black "Stärk, Elisa"]
[Result "1/2-1/2"]
[ECO "E81"]
[WhiteElo "1912"]
[BlackElo "1950"]
[Annotator "TA"]
[PlyCount "80"]
[EventDate "2022.08.10"]
[EventType "tourn"]
[EventCountry "GER"]
[SourceTitle "playchess.com"]
[Source "ChessBase"]
[SourceQuality "1"]
[TimeControl "180+2"]

1. d4 Nf6 2. c4 g6 3. f3 Bg7 4. e4 d6 5. Nc3 O-O 6. Be3 a6 7. Qd2 b6 8. Nge2 {[%emt 0:00:05] E82: King's Indian: Sämisch: 6...b6.} c5 9. d5 Nbd7 10. h4 {[%emt 0:00:11] [#]} (10. Ng3 $14) 10... h5 $146 (10... Nh5 {keeps more tension.} 11. Kf2 Ne5 12. Nf4 f5) ({Predecessor:} 10... Qc7 11. h5 Nxh5 12. g4 Ne5 13. Ng1 Ng3 14. Rxh7 Nxf1 15. Rxg7+ Kxg7 16. Bh6+ Kh7 17. Kxf1 {½-½ (40) Baerschneider,A-Golombeck,K ICCF corr 1990}) 11. Nf4 Ne5 12. Be2 b5 13. cxb5 Qa5 14. O-O axb5 (14... Nfd7 $11 {deserves consideration.}) 15. Nxb5 $14 Qxd2 16. Bxd2 Bd7 17. Rfc1 Rfb8 18. a4 c4 19. Bc3 Bxb5 20. axb5 Rxa1 21. Rxa1 Nfd7 $1 22. Ra7 Bf6 {[%emt 0:00:13] [#]} 23. Ra4 {[%emt 0:00:12] White is more active.} ({Better is} 23. Bxc4 $1 $16 {And now Bf1 would win.} Nxc4 24. Rxd7) 23... Rxb5 (23... Bxh4 {feels hotter.} 24. Nh3 Rxb5 25. Ra7 Nf8) 24. Bxc4 Nxc4 (24... Rb8 $5 25. Be2 Bxh4 $14) 25. Rxc4 Bxc3 26. bxc3 $11 {[%mdl 4096] Endgame Black must now prevent Rc8+. KRN-KRN} Ne5 27. Rc7 Kf8 28. Rc8+ Kg7 29. Rc7 Kf6 (29... Kf8 $1 $11 {keeps the balance.}) 30. Ne2 (30. Nh3 $16) 30... Rb1+ 31. Kf2 Nd3+ 32. Ke3 Ne1 {[%emt 0:00:13] [#]} (32... Ne5 $14) 33. Nf4 (33. g3 $142 $1) 33... Rb2 $16 34. g4 (34. g3 $16) 34... Nc2+ (34... Rh2 $1 $11) 35. Kd3 Ne1+ 36. Ke3 Nc2+ 37. Kd3 {[%emt 0:00:12] Hoping for Ng2.} Ne1+ 38. Ke3 {[%emt 0:00:06] Strongly threatening g5+.} Nc2+ 39. Kd3 Ne1+ $1 40. Ke3 Nc2+ {[%emt 0:00:02] Weighted Error Value: White=0.35/Black=0.14 (very precise)} 1/2-1/2

[Event "German-ch Blitz Women 2022"]
[Site "Magdeburg"]
[Date "2022.08.13"]
[Round "16.10"]
[White "Kosovska, Olena"]
[Black "Zschischang, Marine"]
[Result "1-0"]
[ECO "C10"]
[WhiteElo "1831"]
[BlackElo "2083"]
[Annotator "NA RC"]
[PlyCount "99"]
[EventDate "2022.08.10"]
[EventType "tourn"]
[EventCountry "GER"]
[SourceTitle "playchess.com"]
[Source "ChessBase"]
[SourceQuality "1"]
[TimeControl "180+2"]

1. e4 e6 2. d4 d5 3. Nd2 dxe4 4. Nxe4 Nd7 5. Nf3 Ngf6 6. Ng3 c5 7. Be3 Qc7 8. Be2 b6 9. O-O Bb7 10. c3 Bd6 11. Qc2 O-O 12. Ng5 h6 13. Nf3 Rac8 14. Rad1 c4 15. Qd2 Rfd8 16. Rfe1 Ng4 17. Nh4 Nxe3 18. fxe3 Bxg3 19. hxg3 Qxg3 20. Bf3 Bxf3 21. Nxf3 Nf6 22. e4 Ng4 23. Qe2 h5 24. d5 exd5 25. Rxd5 h4 26. Red1 Rxd5 27. Rxd5 h3 28. Rd2 hxg2 29. e5 Re8 30. Qe1 Qxe1+ 31. Nxe1 Rxe5 32. Nxg2 Re7 33. Nf4 Nf6 34. Kg2 g5 35. Ne2 Kg7 36. Nd4 Kg6 37. Rf2 Ng4 38. Rd2 f5 39. b3 cxb3 40. axb3 Ne3+ 41. Kf3 g4+ 42. Kf4 Nd5+ 43. Kg3 Nxc3 44. Nc6 Ne4+ 45. Kf4 Nxd2 46. Nxe7+ Kf6 47. Nc6 Ke6 48. Nd4+ Kd5 49. Nc2 b5 50. b4 1-0

[Event "German-ch Blitz Women 2022"]
[Site "Magdeburg"]
[Date "2022.08.13"]
[Round "16.11"]
[White "Leveikina, Jevgenija"]
[Black "Schuster, Rebekka"]
[Result "1-0"]
[ECO "A40"]
[WhiteElo "2061"]
[BlackElo "1815"]
[Annotator "NA RC"]
[PlyCount "42"]
[EventDate "2022.08.10"]
[EventType "tourn"]
[EventCountry "GER"]
[SourceTitle "playchess.com"]
[Source "ChessBase"]
[SourceQuality "1"]
[TimeControl "180+2"]

1. d4 e6 2. Nf3 f5 3. Bg5 Nf6 4. e3 Be7 5. c3 O-O 6. Nbd2 d6 7. Bd3 Nc6 8. Qc2 h6 9. Bh4 g5 10. Bg3 Qe8 11. O-O-O Nh5 12. h4 g4 13. Ng1 Nxg3 14. fxg3 e5 15. Bc4+ Kh8 16. Ne2 Bf6 17. d5 Na5 18. e4 Nxc4 19. Nxc4 Bg7 20. Rhf1 Qg6 21. Ne3 fxe4 1-0

[Event "German-ch Blitz Women 2022"]
[Site "Magdeburg"]
[Date "2022.08.13"]
[Round "16.12"]
[White "Heil, Marina"]
[Black "Fock, Sana"]
[Result "1/2-1/2"]
[ECO "A22"]
[WhiteElo "1926"]
[BlackElo "1807"]
[Annotator "TA"]
[PlyCount "60"]
[EventDate "2022.08.10"]
[EventType "tourn"]
[EventCountry "GER"]
[SourceTitle "playchess.com"]
[Source "ChessBase"]
[SourceQuality "1"]
[TimeControl "180+2"]

1. c4 e5 2. Nc3 Nf6 3. g3 d5 4. cxd5 Nxd5 5. Bg2 Nb6 6. Nf3 Nc6 7. d3 Be7 8. O-O O-O 9. a3 a5 10. b3 {[%emt 0:00:18] A29: English Opening: Four Knights Variation with 4 g3.} Be6 11. Bb2 f6 12. Qc2 {[%emt 0:00:13] The position is equal.} Nd5 (12... Qd7 $11) 13. Ne4 Bf7 {[%emt 0:00:31] [#]} 14. Rfd1 $146 ({Predecessor:} 14. Nc5 Bxc5 15. Qxc5 Qd6 16. Rac1 Ra6 17. Nd2 Rb6 18. Rc2 Qxc5 19. Rxc5 Nde7 20. Rb1 {1-0 (28) Vrtiakova,A (2002)-Cibikova,S (1827) Liptovsky Mikulas 2018}) 14... Kh8 15. d4 exd4 (15... f5 $11) 16. Nxd4 $14 Nxd4 17. Rxd4 {[%emt 0:00:09] aiming for Nc3.} Qc8 18. Rc1 c6 19. Nd2 Bg6 20. Qc4 (20. e4 $11) 20... Rd8 (20... Nc7 $1 $15) 21. e3 (21. Bxd5 $14 cxd5 22. Rxd5) 21... Nb6 $11 22. Qe2 Rxd4 23. Bxd4 Bxa3 24. Ra1 c5 25. Rxa3 (25. Bxf6 $1 $14 Bb4 26. Bb2) 25... cxd4 $15 26. exd4 $2 (26. Ra2 $15) 26... Qc1+ $19 27. Bf1 h6 28. Ra2 {[%emt 0:00:08] [#]} a4 $2 (28... Nd5 $1 $19 29. Ne4 Nb4) 29. Qc4 Nxc4 30. Nxc4 Bd3 {[%emt 0:00:06][%mdl 32768] Weighted Error Value: White=1.18/Black=0.85. An unexpected result.} 1/2-1/2

[Event "German-ch Blitz Women 2022"]
[Site "Magdeburg"]
[Date "2022.08.13"]
[Round "17.1"]
[White "Fock, Sana"]
[Black "Paehtz, Elisabeth"]
[Result "0-1"]
[ECO "B23"]
[WhiteElo "1807"]
[BlackElo "2484"]
[Annotator "TA"]
[PlyCount "96"]
[EventDate "2022.08.10"]
[EventType "tourn"]
[EventCountry "GER"]
[SourceTitle "playchess.com"]
[Source "ChessBase"]
[SourceQuality "1"]
[TimeControl "180+2"]

1. e4 c5 2. Nc3 Nc6 3. f4 g6 4. Nf3 Bg7 5. Bb5 Nd4 6. O-O a6 7. Bd3 e6 {[%emt 0:00:04] B23: Closed Sicilian: Lines without g3.} 8. e5 {[%emt 0:00:04] The main line 8.e5 scores better than 8.Nxd4.} d5 {[%emt 0:00:15] Prevents Ne4.} (8... f5 $15) 9. Nxd4 $14 cxd4 {[%emt 0:00:01] White is better.} 10. Ne2 Qb6 11. Qe1 {[%emt 0:00:22] [#]} f6 $146 ({Predecessor:} 11... Ne7 12. b3 Nc6 13. Bb2 O-O 14. Qg3 Bd7 15. a3 Rac8 16. h4 Kh8 17. h5 gxh5 {0-1 (58) Nikolovski,N (2454)-Maghsoodloo,P (2676) Europe Echecs INT 2021}) 12. Qf2 ({White should play} 12. b3 $16) 12... fxe5 13. fxe5 {[%emt 0:00:03] aiming for Qf7+.} Nh6 {[%emt 0:00:01] Inhibits Qf7+.} 14. Qxd4 ({Much weaker is} 14. Nxd4 Bxe5 15. c3 Bxh2+ $1 16. Kh1 Be5 $15) (14. b3 {keeps more tension.} Bxe5 15. Ba3 Bxh2+ 16. Kh1) 14... Qxd4+ 15. Nxd4 Bxe5 16. Nf3 Bg7 17. Re1 {[%emt 0:00:14] Prevents e5.} O-O 18. c3 Nf7 19. Bc2 e5 20. d3 Bf5 21. Ng5 Nh6 ({Better is} 21... Rac8 $11) 22. h3 (22. Bb3 $5 ) 22... Rad8 {[%emt 0:00:04] [#]} (22... Nf7 $11) 23. Nf3 (23. g4 $1 $16 Bc8 24. Bb3) 23... Nf7 24. Bg5 (24. Be3 $142) 24... Nxg5 $11 25. Nxg5 Rfe8 26. Rad1 h6 (26... Bh6 $5 27. Nf3 Bf4 $15) 27. Nf3 g5 28. Bb3 (28. g4 $5 Bd7 29. Re2 $11) 28... Kh7 29. Bc2 Bg6 30. Kh2 Bf6 31. g4 Kg7 32. Kg3 Re7 33. Rd2 Rde8 34. c4 $2 {[%emt 0:00:02] This move loses the game for White.} (34. h4 $11) 34... e4 $19 35. dxe4 dxe4 36. Ng1 Bxb2 37. Bb3 $2 (37. Rdd1) 37... Bc3 {[%emt 0:00:02] Black is clearly winning.} 38. Rde2 Bxe1+ 39. Rxe1 Rd8 {[%emt 0:00:01] Threatens to win with ...Rd3+.} 40. Kf2 Rd2+ 41. Re2 Rxe2+ 42. Kxe2 {[%emt 0:00:01][%mdl 4096] Endgame KRB-KBN} Rd7 43. Ke3 Rd3+ 44. Ke2 Kf6 45. Bc2 Rc3 46. Bb3 Ke5 {[%emt 0:00:01] Strongly threatening ...Bf7.} 47. Kd2 Rd3+ 48. Kc2 Rg3 {[%emt 0:00:03] Weighted Error Value: White=0.54/Black=0.19 (very precise)} 0-1

[Event "German-ch Blitz Women 2022"]
[Site "Magdeburg"]
[Date "2022.08.13"]
[Round "17.2"]
[White "Schuster, Rebekka"]
[Black "Heil, Marina"]
[Result "0-1"]
[ECO "B07"]
[WhiteElo "1815"]
[BlackElo "1926"]
[Annotator "TA"]
[PlyCount "42"]
[EventDate "2022.08.10"]
[EventType "tourn"]
[EventCountry "GER"]
[SourceTitle "playchess.com"]
[Source "ChessBase"]
[SourceQuality "1"]
[TimeControl "180+2"]

1. e4 d6 2. d4 Nf6 3. Nc3 Nbd7 4. Be3 e5 5. f3 Be7 6. Qd2 {[%emt 0:00:05] B07: Pirc Defence: Miscellaneous Systems.} h6 7. O-O-O c6 8. d5 ({Better is} 8. Nge2 $14) 8... Qc7 9. g4 a6 10. h4 {[%emt 0:00:02][%cal Bh2h4,Bh4g5][%mdl 32] [#]} (10. Nge2 $5 ) 10... b5 $146 (10... cxd5 $1 $11 {remains equal.} 11. Nxd5 Nxd5 12. exd5 b5) ({Predecessor:} 10... c5 11. Nh3 b5 12. g5 Nh5 13. f4 Ng3 14. Rg1 Nxf1 15. Rdxf1 Nb6 16. Nf2 b4 {1-0 (37) Bellebcir,T-Bouhadjar,N (1897) Algiers 2014}) 11. dxc6 $16 Qxc6 12. Nh3 Nb6 13. g5 hxg5 14. hxg5 ({Not} 14. Nxg5 Bb7 $15) 14... Nfd7 15. Nd5 (15. Nf2 $16 Rxh1 16. Nxh1) 15... Nc4 $2 {[%emt 0:00:16][%mdl 8192] [#]} (15... Nxd5 $14 16. exd5 Qc7) 16. Qg2 $2 ({White must play} 16. Bxc4 $18 bxc4 17. g6 fxg6 18. Qg2) 16... Ndb6 $2 (16... Nxe3 $11 {and Black is okay.} 17. Nxe3 Qc5) 17. Be2 $4 (17. Bxc4 $18 Nxc4 18. g6) 17... Nxd5 $19 18. exd5 Qc7 (18... Nxe3 $19 19. dxc6 Nxg2) 19. Bd3 {[%emt 0:00:02][%mdl 8192] [#]} Nxe3 {[%emt 0:00:04] Black is clearly winning.} 20. Qe2 Nxd1 21. Rxd1 Rxh3 {[%emt 0:00:03] Weighted Error Value: White=1.44/Black=1.05} 0-1

[Event "German-ch Blitz Women 2022"]
[Site "Magdeburg"]
[Date "2022.08.13"]
[Round "17.3"]
[White "Zschischang, Marine"]
[Black "Leveikina, Jevgenija"]
[Result "0-1"]
[ECO "D10"]
[WhiteElo "2083"]
[BlackElo "2061"]
[Annotator "NA RC"]
[PlyCount "58"]
[EventDate "2022.08.10"]
[EventType "tourn"]
[EventCountry "GER"]
[SourceTitle "playchess.com"]
[Source "ChessBase"]
[SourceQuality "1"]
[TimeControl "180+2"]

1. d4 c6 2. c4 d5 3. cxd5 cxd5 4. Nc3 Nc6 5. Nf3 Nf6 6. Ne5 Bf5 7. e3 e6 8. g4 Bg6 9. h4 h5 10. Nxg6 fxg6 11. g5 Nd7 12. Bd3 Ne7 13. Qb3 Qb6 14. Qa4 Nf5 15. Bd2 Be7 16. Bb5 Rd8 17. Ne2 a6 18. Bd3 Qd6 19. Nf4 Kf7 20. a3 b5 21. Qa5 Qb6 22. Rc1 Rc8 23. Bxf5 gxf5 24. Ke2 g6 25. Bb4 Rc4 26. b3 Bxb4 27. Qxb6 Nxb6 28. bxc4 Bxa3 29. Ra1 Nxc4 0-1

[Event "German-ch Blitz Women 2022"]
[Site "Magdeburg"]
[Date "2022.08.13"]
[Round "17.4"]
[White "Staerk, Elisa"]
[Black "Kosovska, Olena"]
[Result "1-0"]
[ECO "E91"]
[WhiteElo "1947"]
[BlackElo "1831"]
[Annotator "TA"]
[PlyCount "77"]
[EventDate "2022.08.10"]
[EventType "tourn"]
[EventCountry "GER"]
[SourceTitle "playchess.com"]
[Source "ChessBase"]
[SourceQuality "1"]
[TimeControl "180+2"]

1. d4 g6 2. Nf3 Bg7 3. c4 Nf6 4. Nc3 O-O 5. e4 d6 6. Be2 Nbd7 7. O-O c5 8. d5 Ng4 9. Bf4 {E91: King's Indian: Classical: 6 Be2, unusual replies including 6...c5 and 6...Bg4.} Nge5 10. Nxe5 Nxe5 11. Qc2 {[#] White is slightly better.} a6 $146 ({Predecessor:} 11... f5 12. f3 fxe4 13. fxe4 Bg4 14. Bxe5 Bxe2 15. Qxe2 Bxe5 16. Rxf8+ Qxf8 {0-1 (56) Schjolin,J (1160)-Jensen,H (1473) Helsingor 2018}) 12. a4 Bd7 13. a5 b5 14. axb6 $1 Qxb6 15. Be3 (15. Bc1 $14) 15... Ng4 ({Black should try} 15... Rfb8 $1 $15) 16. Bxg4 Bxg4 17. f3 {[#] Na4 is the strong threat.} Bd7 18. Rfb1 a5 19. Ra2 f5 (19... Qb4 $5 ) 20. Bg5 fxe4 21. Nxe4 Rf7 22. Rba1 (22. Be3 $11) 22... h6 (22... Rb8 $15) 23. Bd2 $11 a4 24. Bc3 {White wants to play Bxg7.} (24. Nc3 {keeps more tension.} g5 25. Nxa4 Rxa4 26. Rxa4 Bxa4 27. Rxa4 Qxb2 28. Ra8+) 24... Rb8 25. Bxg7 Kxg7 26. Nc3 e6 (26... Qb3 $11 {keeps the balance.} 27. Qxb3 Rxb3) 27. dxe6 $16 ({Of course not} 27. Nxa4 Bxa4 28. Qxa4 (28. Rxa4 exd5 29. Rb1 dxc4 $11) 28... exd5 $11) 27... Bxe6 28. Nxa4 (28. Qd3 $16) 28... Qb4 29. Rc1 Kh7 ({Better is} 29... Rf4 $11) 30. Qe4 Bf5 (30... Qd2 $11 {remains equal.} 31. Raa1 Bf5) 31. Qd5 Rd7 (31... Rbb7 $142) 32. Raa1 (32. Nc3 $16 {Hoping for g4.} Re8 33. Qd2) 32... Qb3 $2 {[#]} (32... Re8 $11) 33. Qd2 $2 (33. Rc3 $1 $18 Qb7 34. g4) 33... d5 $2 (33... Qd3 $16 34. Qxd3 Bxd3) 34. Nxc5 $18 Qxb2 (34... Qb6 $142) 35. Qxb2 Rxb2 36. Nxd7 Bxd7 37. cxd5 {Intending Ra7 and mate.} Bb5 38. Rc7+ Kg8 39. Ra8+ {Weighted Error Value: White=0.31/Black=0.85} 1-0

[Event "German-ch Blitz Women 2022"]
[Site "Magdeburg"]
[Date "2022.08.13"]
[Round "17.5"]
[White "Melamed, Tatjana"]
[Black "Falke, Ornella"]
[Result "1-0"]
[ECO "B50"]
[WhiteElo "2380"]
[BlackElo "1912"]
[Annotator "TA"]
[PlyCount "60"]
[EventDate "2022.08.10"]
[EventType "tourn"]
[EventCountry "GER"]
[SourceTitle "playchess.com"]
[Source "ChessBase"]
[SourceQuality "1"]
[TimeControl "180+2"]

1. e4 c5 2. Nf3 d6 3. c3 Nf6 4. Bc4 e6 5. Qe2 Nc6 6. Bb3 Be7 7. O-O O-O 8. d3 {[%emt 0:00:02] B50: Sicilian: 2...d6, Miscellaneous.} Qc7 9. Re1 Re8 10. Bf4 {[%emt 0:00:02] [#] The position is equal.} b5 $146 ({Predecessor:} 10... Na5 11. Bc2 e5 12. Bg5 h6 13. Be3 Bf8 14. Nbd2 Be6 15. Rac1 b5 16. d4 Nc4 {1-0 (66) Plat,V (2398)-Jurcik,M (2352) Czech Republic 2009}) 11. Nbd2 a5 12. a4 Ba6 13. axb5 Bxb5 14. Bc4 Bxc4 15. Nxc4 Nd7 (15... Nh5 $5 16. Bd2 d5 $11) 16. d4 cxd4 17. cxd4 e5 18. dxe5 dxe5 19. Bg3 Bb4 20. Rec1 Qb7 21. Ne3 Rad8 22. Nd5 Bd6 23. Qc4 Rc8 24. Ng5 $2 {[%emt 0:00:41] [#]} (24. Qe2 $11 {and White has nothing to worry.}) 24... h6 $2 ({Better is} 24... Nd4 $1 $19 25. Qf1 Rxc1 26. Rxc1 Qxb2) 25. Nxf7 $1 $11 Kxf7 (25... Nd4 $5 26. Nxd6 Rxc4 27. Nxb7 Rxc1+ 28. Rxc1 Ne2+ 29. Kf1 Nxc1 30. Nxa5 Nf6 $11) 26. Nb6+ (26. Nc7+ $1 $14 Kf8 27. Nxe8 Kxe8 28. Qe6+ Be7 29. Qg8+ Bf8 30. h3) 26... Kf8 27. Nxc8 Rxc8 28. Qe6 ({White should play} 28. h3 $11) 28... Nc5 $2 {[%mdl 8192] [#]} 29. Qxd6+ $18 Qe7 30. Qxc5 Rc7 {Weighted Error Value: White=0.36/Black=0.26 (precise)} 1-0

[Event "German-ch Blitz Women 2022"]
[Site "Magdeburg"]
[Date "2022.08.13"]
[Round "17.6"]
[White "Schulze, Lara"]
[Black "Stangl, Anita"]
[Result "0-1"]
[ECO "C05"]
[WhiteElo "2292"]
[BlackElo "2023"]
[Annotator "TA"]
[PlyCount "48"]
[EventDate "2022.08.10"]
[EventType "tourn"]
[EventCountry "GER"]
[SourceTitle "playchess.com"]
[Source "ChessBase"]
[SourceQuality "1"]
[TimeControl "180+2"]

1. e4 e6 2. d4 d5 3. Nd2 Nf6 4. e5 Nfd7 5. f4 c5 6. Ndf3 Nc6 7. c3 Qb6 8. h4 cxd4 9. cxd4 Bb4+ 10. Kf2 f6 {aiming for ...fxe5. C05: French Tarrasch: 3...Nf6 4 e5 Nfd7, 5 f4 and 5 Bd3 sidelines.} 11. a3 ({White should try} 11. Be3) 11... Be7 $11 {...fxe5 is the strong threat.} 12. Kg3 O-O {[#] The position is equal.} 13. Rh3 $146 (13. Nh3 $11 {and White is okay.}) ({Predecessor:} 13. b4 fxe5 14. fxe5 Rf5 15. Bf4 Nf8 16. b5 Ng6 17. Bd3 Rxf4 18. Bxg6 Rxd4 19. Nxd4 Nxd4 {0-1 (35) Cernousek,L (2352)-Simacek,P (2421) Cartak 2005}) 13... fxe5 $19 14. fxe5 {[#]} Ndxe5 $1 15. dxe5 Nxe5 16. Kh2 $2 (16. Nxe5 Qxg1 17. Be2 Qf2+ 18. Kh2) 16... Ng4+ 17. Kg3 Qf2+ {Black mates.} 18. Kxg4 e5+ 19. Kh5 Be6 20. Ng5 g6+ 21. Kh6 Bxh3 22. Qxd5+ Kh8 23. h5 {[#]} Rf5 $1 24. N1xh3 (24. Nf7+ Rxf7) 24... Bf8# {White did not feel at home in the position after the opening.  Weighted Error Value: White=1.08/Black=0.11 (very precise)} 0-1

[Event "German-ch Blitz Women 2022"]
[Site "Magdeburg"]
[Date "2022.08.13"]
[Round "17.7"]
[White "Nikolaeva, Mariya A"]
[Black "Wulf, Constanze"]
[Result "1-0"]
[ECO "B01"]
[WhiteElo "1309"]
[BlackElo "1835"]
[Annotator "NA RC COMBH"]
[PlyCount "65"]
[EventDate "2022.08.10"]
[EventType "tourn"]
[EventCountry "GER"]
[SourceTitle "playchess.com"]
[Source "ChessBase"]
[SourceQuality "1"]
[TimeControl "180+2"]

1. e4 d5 2. exd5 Qxd5 3. Nc3 Qd6 4. d4 Nf6 5. Nf3 a6 6. Ne5 g6 7. Nc4 Qd8 8. Be2 Bg7 9. Be3 O-O 10. Qd2 Re8 11. Ne5 Bf5 12. g4 Ne4 13. Nxe4 Bxe4 14. f3 Bxe5 15. fxe4 Bg7 16. O-O-O Nc6 17. c3 b5 18. h4 Rb8 19. h5 a5 20. Bh6 Bh8 21. hxg6 fxg6 22. Be3 b4 23. c4 Qd7 24. e5 a4 25. Bf3 b3 26. a3 Nd8 27. Qh2 e6 28. d5 exd5 29. Bxd5+ Ne6 30. Bxe6+ Qxe6 31. Qxh7+ Kf8 32. Qxh8+ Kf7 33. Rh7# 1-0

[Event "German-ch Blitz Women 2022"]
[Site "Magdeburg"]
[Date "2022.08.13"]
[Round "17.8"]
[White "Zhou, Lepu Coco"]
[Black "Doll, Rebecca"]
[Result "1/2-1/2"]
[ECO "C92"]
[WhiteElo "1986"]
[BlackElo "1933"]
[Annotator "TA"]
[PlyCount "95"]
[EventDate "2022.08.10"]
[EventType "tourn"]
[EventCountry "GER"]
[SourceTitle "playchess.com"]
[Source "ChessBase"]
[SourceQuality "1"]
[TimeControl "180+2"]

1. e4 e5 2. Nf3 Nc6 3. Bb5 a6 4. Ba4 Nf6 5. O-O Be7 6. Re1 b5 7. Bb3 O-O 8. h3 d6 9. c3 Bb7 10. d4 Re8 11. Ng5 Rf8 12. Nf3 Re8 13. d5 {[%emt 0:00:09] 13.Bc2 is setting a new trend. C92: Closed Ruy Lopez: 9...Be6, Karpov and Flohr-Zaitsev Variations.} Nb8 14. Nbd2 c6 15. Nf1 (15. dxc6 {is interesting.} Bxc6 16. Ng5 Rf8 17. Bc2) 15... Nbd7 {[%emt 0:00:27] [#]} (15... cxd5 $15 16. exd5 Nbd7) 16. g4 $146 (16. dxc6 $11 Bxc6 17. Ng3) ({Predecessor:} 16. dxc6 Bxc6 17. Ng5 Rf8 18. Ng3 Nc5 19. Bc2 h6 20. Nf3 Re8 21. b4 Nb7 22. Be3 a5 23. Qc1 Bf8 24. Rd1 {½-½ (57) Stewart,M-Gray,G (1230) Cammeray 2010}) 16... cxd5 17. exd5 Nb6 18. Ne3 Bf8 19. Kh2 (19. a4 $142) 19... Rc8 20. Rg1 (20. a4 $17 {was worth a try.}) 20... Rc5 $19 21. g5 Nfxd5 22. Nf5 Qd7 23. Bc2 Nf4 24. Bxf4 exf4 25. Qd3 (25. N5d4) 25... Be4 26. Nh6+ Kh8 27. Qd4 Bxc2 28. Rae1 Rxe1 29. Rxe1 Bg6 30. Ng4 Rc4 $2 31. Qd2 $2 (31. Qxb6 Qc8 32. Qa7) 31... d5 32. Nfe5 Qc7 33. Nxc4 dxc4 ({Not} 33... Nxc4 $2 34. Qxd5 Kg8 35. b3 $19) 34. f3 Kg8 35. Ne5 Qd6 36. Qf2 (36. Qxd6 Bxd6 37. Rd1) 36... Nd5 {[%emt 0:00:01] Hoping for ...Ne3.} 37. Ng4 Ne3 38. Kh1 Nxg4 39. hxg4 Qd3 {[%emt 0:00:01] White must now prevent ...Qd5.} 40. Re8 (40. Kg2 $142) 40... Qd7 41. Qe2 (41. Rb8 $142) 41... Bd3 $2 (41... f5 42. Qe6+ Qxe6 43. Rxe6 fxg4) 42. Qe5 {[%emt 0:00:02] [#] aiming for Qb8.} Bg6 $4 {[%emt 0:00:03][%mdl 8192] [#]} (42... f6 $1 $19 43. gxf6 gxf6 44. Qe6+ Qxe6 45. Rxe6 a5) 43. Rb8 $4 (43. Qb8 $1 $18 {[%csl Gb8][%cal Re8f8] was the only winning move.} Qxe8 44. Qxe8) 43... Qd1+ 44. Kg2 {[%emt 0:00:01] White threatens Qe7 and mate.} Qd2+ 45. Kg1 $2 (45. Kh3 {only move.} Qe3 46. Qxe3 fxe3 47. Re8) 45... Qd1+ $2 (45... Qe3+ $19 46. Qxe3 fxe3) 46. Kf2 $2 (46. Kg2 $11 {and White is okay.} Qd2+ 47. Kh3) 46... Qd2+ 47. Kg1 $1 Qd1+ 48. Kf2 {[%emt 0:00:01][%mdl 32768] Weighted Error Value: White=0.90/Black=0.51. An unexpected result.} 1/2-1/2

[Event "German-ch Blitz Women 2022"]
[Site "Magdeburg"]
[Date "2022.08.13"]
[Round "17.9"]
[White "Muetsch, Annmarie"]
[Black "Kunze, Kerstin"]
[Result "1-0"]
[ECO "C50"]
[WhiteElo "2249"]
[BlackElo "2020"]
[Annotator "TA"]
[PlyCount "48"]
[EventDate "2022.08.10"]
[EventType "tourn"]
[EventCountry "GER"]
[SourceTitle "playchess.com"]
[Source "ChessBase"]
[SourceQuality "1"]
[TimeControl "180+2"]

1. e4 e5 2. Nf3 Nc6 3. Bc4 Nf6 4. d3 Bc5 5. c3 O-O 6. Nbd2 d5 {[%emt 0:00:14] C54: Giuoco Piano: 4 c3 Nf6, main lines with 5 d4 and 5 d3.} 7. exd5 Nxd5 8. Ne4 Bb6 {[%emt 0:00:08] White has an edge.} 9. O-O (9. a4 $5 ) 9... Bg4 10. Ng3 Nf4 {[%emt 0:01:06] [#]} 11. d4 $146 ({Better is} 11. h3 $14 Be6 12. b4) ({Predecessor:} 11. h3 Be6 12. Bxe6 Nxe6 13. Re1 Qd6 14. Nf5 Qc5 15. Be3 Qb5 16. b3 Bxe3 17. Rxe3 {1-0 (37) Paiva,H (2065)-Maklakova,N (1828) Chess.com INT 2021}) 11... Ng6 12. d5 Nce7 (12... e4 {with more complications.} 13. dxc6 exf3 14. Qxd8 Raxd8 15. cxb7 Ne5) 13. h3 $132 {[%emt 0:00:03][%mdl 2048] White is fighting back} Bc8 14. Re1 Nf5 15. Nxf5 Bxf5 16. Be3 Qd6 17. Qe2 Rad8 18. Rad1 Bxe3 19. Qxe3 Rfe8 20. Qxa7 b6 21. Qa4 Nf4 {[%emt 0:00:07] [#] White must now prevent ...e4.} 22. Bf1 (22. Bb5 $16 Re7 23. Bf1) 22... Qg6 {[%emt 0:00:05] Threatens to win with ...Nxh3+.} 23. Kh2 (23. Rxe5 Nxh3+ 24. Kh2 {[#]} Qd6 $1 $17) (23. Nxe5 $14 {stays ahead.} Nxh3+ 24. Kh2) 23... Qh5 $4 (23... Bc2 $19 24. Qa7 Bxd1 25. Rxd1 Rxd5 26. Rxd5 Nxd5) 24. Nxe5 $18 ({Not} 24. Rxe5 Rxe5 25. Qxf4 (25. Nxe5 Bxh3 26. Qxf4 Bg4+ 27. Kg1 Bxd1 $11) 25... Rexd5 26. Rxd5 (26. g4 Bxg4 27. Rxd5 Rxd5 $16) 26... Rxd5 $16) 24... f6 $2 {[%emt 0:00:00] Weighted Error Value: White=0.45/Black=0.53} (24... Bc2 25. Qxc2 Rxe5) 1-0

[Event "German-ch Blitz Women 2022"]
[Site "Magdeburg"]
[Date "2022.08.13"]
[Round "17.10"]
[White "Daemering, Katrin"]
[Black "Rath, Alina"]
[Result "0-1"]
[ECO "B32"]
[WhiteElo "1965"]
[BlackElo "2062"]
[Annotator "NA RC"]
[PlyCount "78"]
[EventDate "2022.08.10"]
[EventType "tourn"]
[EventCountry "GER"]
[SourceTitle "playchess.com"]
[Source "ChessBase"]
[SourceQuality "1"]
[TimeControl "180+2"]

1. e4 c5 2. Nf3 Nc6 3. d4 cxd4 4. c3 d3 5. Bxd3 g6 6. O-O Bg7 7. Be3 e6 8. Nbd2 Nge7 9. Nc4 d5 10. exd5 exd5 11. Ncd2 O-O 12. Re1 Bg4 13. h3 Be6 14. Nb3 b6 15. Nfd4 Nxd4 16. Nxd4 Bd7 17. Qf3 Be6 18. Bg5 Qd7 19. Rad1 Nc6 20. Bb5 Nxd4 21. Bxd7 Nxf3+ 22. gxf3 Bxd7 23. Rxd5 Be6 24. Rd2 Bxa2 25. Re7 Be6 26. Kg2 h6 27. Bf4 g5 28. Bg3 Rfc8 29. f4 Bf8 30. Rb7 Bc5 31. fxg5 hxg5 32. Be5 a5 33. Bf6 Rab8 34. Ra7 Ra8 35. Rb7 Kh7 36. Bxg5 Kg6 37. h4 f6 38. Bf4 Rd8 39. Re2 Bd5+ 0-1